[Event "HUN-chT Youth 2019"]
[Site "Budapest"]
[Date "2019.10.27"]
[Round "3.10"]
[White "Szamko, Balint"]
[Black "Szabo, Akos"]
[Result "0-1"]
[ECO "C47"]
[WhiteElo "1129"]
[BlackElo "1418"]
[Annotator "NA"]
[PlyCount "92"]
[EventDate "2019.10.26"]
[EventType "team-tourn"]
[EventCountry "HUN"]
[SourceTitle "playchess.com"]
[Source "ChessBase"]
[SourceQuality "1"]
[TimeControl "5400+30"]

1. e4 e5 2. Nf3 Nc6 3. Nc3 Nf6 4. d4 exd4 5. Nxd4 Bb4 6. Nxc6 bxc6 7. e5 Nd5 8. Bd2 Nxc3 9. Bxc3 Bxc3+ 10. bxc3 Rb8 11. e6 Qe7 12. Bc4 fxe6 13. Qh5+ Qf7 14. Qxf7+ Kxf7 15. O-O Rf8 16. Rab1 Rb6 17. Rxb6 cxb6 18. Rd1 Ke7 19. Kf1 d6 20. Bb3 e5 21. Ba4 b5 22. Bb3 Be6 23. Bxe6 Kxe6 24. Ke2 Rf4 25. g3 Re4+ 26. Kd3 Ra4 27. Ra1 d5 28. Re1 Rxa2 29. f4 e4+ 30. Kd2 Kf5 31. h3 h5 32. h4 a5 33. Kc1 Ra1+ 34. Kd2 Rxe1 35. Kxe1 Kg4 36. Kf2 a4 37. Kg2 a3 38. Kf2 a2 39. Kg2 a1=Q 40. Kf2 Qc1 41. Ke2 Qxc2+ 42. Ke3 Qd3+ 43. Kf2 e3+ 44. Kg2 Qd2+ 45. Kg1 e2 46. Kf2 e1=Q# 0-1

[Event "HUN-chT Youth 2019"]
[Site "Budapest"]
[Date "2019.10.27"]
[Round "3.11"]
[White "Kocsmar, Akos"]
[Black "Kiss, Rebeka"]
[Result "1-0"]
[ECO "D11"]
[WhiteElo "1916"]
[BlackElo "1743"]
[Annotator "NA"]
[PlyCount "65"]
[EventDate "2019.10.26"]
[EventType "team-tourn"]
[EventCountry "HUN"]
[SourceTitle "playchess.com"]
[Source "ChessBase"]
[SourceQuality "1"]
[TimeControl "5400+30"]

1. d4 d5 2. c4 c6 3. Nf3 Nf6 4. e3 g6 5. Nc3 Bg7 6. Be2 O-O 7. O-O Nbd7 8. b3 e6 9. Bb2 Qa5 10. Qc2 c5 11. cxd5 exd5 12. Na4 cxd4 13. Nxd4 Ne5 14. Ba3 Re8 15. b4 Qd8 16. Rac1 Bd7 17. Nc5 b6 18. Nxd7 Nfxd7 19. Qb3 Nf6 20. h3 g5 21. Bb5 Re7 22. f4 Nc4 23. Bxc4 dxc4 24. Rxc4 Qe8 25. Nf5 Re6 26. fxg5 Ne4 27. Bb2 Bxb2 28. Qxb2 Rg6 29. Nh6+ Rxh6 30. gxh6 f6 31. Qc2 Ng5 32. Qb3 Qg6 33. Rc8# 1-0

[Event "HUN-chT Youth 2019"]
[Site "Budapest"]
[Date "2019.10.27"]
[Round "3.11"]
[White "Lazsadi, Blanka Anna"]
[Black "Puskas, Gergely"]
[Result "1-0"]
[ECO "C46"]
[WhiteElo "1142"]
[BlackElo "1015"]
[Annotator "NA"]
[PlyCount "40"]
[EventDate "2019.10.26"]
[EventType "team-tourn"]
[EventCountry "HUN"]
[SourceTitle "playchess.com"]
[Source "ChessBase"]
[SourceQuality "1"]
[TimeControl "5400+30"]

1. e4 e5 2. Nf3 Nc6 3. Nc3 d6 4. h3 h5 5. Bc4 Nd4 6. d3 Nxf3+ 7. Qxf3 f6 8. Be3 Ne7 9. O-O-O Nc6 10. Qg3 Nd4 11. Qg6+ Kd7 12. Qf7+ Kc6 13. Bd5+ Kc5 14. Na4+ Kb5 15. Nc3+ Kc5 16. Bc4 Be6 17. Bxe6 Kc6 18. Bd5+ Kb6 19. Bc4 d5 20. Nxd5+ Kc5 1-0

[Event "HUN-chT Youth 2019"]
[Site "Budapest"]
[Date "2019.10.27"]
[Round "3.12"]
[White "Farkas, Virag"]
[Black "Szamko, Hanna"]
[Result "1-0"]
[ECO "D00"]
[WhiteElo "1506"]
[BlackElo "1402"]
[Annotator "NA"]
[PlyCount "87"]
[EventDate "2019.10.26"]
[EventType "team-tourn"]
[EventCountry "HUN"]
[SourceTitle "playchess.com"]
[Source "ChessBase"]
[SourceQuality "1"]
[TimeControl "5400+30"]

1. d4 d5 2. Bf4 Nf6 3. e3 Bf5 4. Nf3 e6 5. Bd3 Bg6 6. Nbd2 Nbd7 7. Ne5 c5 8. Nxg6 hxg6 9. c3 c4 10. Bc2 b5 11. e4 Be7 12. e5 Nh7 13. Be3 Nhf8 14. g3 f6 15. f4 f5 16. h4 Nb6 17. h5 g5 18. Nf3 g4 19. Ng5 g6 20. h6 Bxg5 21. fxg5 Nh7 22. Qd2 a5 23. b3 Qe7 24. O-O Kd7 25. Rfb1 Rhb8 26. Rb2 cxb3 27. axb3 b4 28. Rba2 Ke8 29. Rxa5 Rxa5 30. Rxa5 bxc3 31. Qxc3 Rc8 32. Qd2 Nd7 33. Ra1 Qd8 34. Bd3 Kf7 35. b4 Qb6 36. b5 Rc7 37. Qa5 Qb7 38. Rb1 Nb6 39. Bd2 Nd7 40. b6 Rc6 41. Qa7 Qxa7 42. bxa7 Rc8 43. Ra1 Ra8 44. Bb5 1-0

[Event "HUN-chT Youth 2019"]
[Site "Budapest"]
[Date "2019.10.27"]
[Round "3.13"]
[White "Karacsonyi, Gellert"]
[Black "Kokeny, Norbert Adrian"]
[Result "0-1"]
[ECO "B41"]
[WhiteElo "2301"]
[BlackElo "2292"]
[Annotator "NA"]
[PlyCount "70"]
[EventDate "2019.10.26"]
[EventType "team-tourn"]
[EventCountry "HUN"]
[SourceTitle "playchess.com"]
[Source "ChessBase"]
[SourceQuality "1"]
[TimeControl "5400+30"]

1. e4 c5 2. Nf3 e6 3. d4 cxd4 4. Nxd4 a6 5. c4 Nf6 6. Nc3 Qc7 7. Be2 Nc6 8. O-O Nxd4 9. Qxd4 Bd6 10. h3 Bc5 11. Qd3 d6 12. Kh1 Bd7 13. f4 h5 14. e5 dxe5 15. Qg3 e4 16. Qxg7 Ke7 17. Qg5 Bd4 18. Nxe4 Rag8 19. Qh4 Bc6 20. Ng5 Ke8 21. Rd1 Qb6 22. Bf3 Bf2 23. Bxc6+ bxc6 24. g3 c5 25. Bd2 Qc6+ 26. Kh2 Ng4+ 27. hxg4 hxg4 28. Nh7 Bxg3+ 29. Qxg3 Rxh7+ 30. Kg1 Rgh8 31. Rf1 Rh1+ 32. Kf2 R8h2+ 33. Ke3 Rh3 34. Qxh3 Rxh3+ 35. Ke2 Rh2+ 0-1

[Event "HUN-chT Youth 2019"]
[Site "Budapest"]
[Date "2019.10.27"]
[Round "3.13"]
[White "Thierry, Edvard"]
[Black "Szarka, Tibor"]
[Result "1-0"]
[ECO "B07"]
[WhiteElo "1507"]
[BlackElo "1469"]
[Annotator "NA"]
[PlyCount "75"]
[EventDate "2019.10.26"]
[EventType "team-tourn"]
[EventCountry "HUN"]
[SourceTitle "playchess.com"]
[Source "ChessBase"]
[SourceQuality "1"]
[TimeControl "5400+30"]

1. e4 d6 2. d4 Nf6 3. Nc3 Nbd7 4. Nf3 e5 5. dxe5 dxe5 6. Bd3 c6 7. O-O Be7 8. h3 O-O 9. Be3 b5 10. a3 a6 11. b4 Bb7 12. Na2 c5 13. bxc5 Nxe4 14. Nb4 Nexc5 15. Bf5 Bf6 16. Rb1 Qe7 17. Nd5 Bxd5 18. Qxd5 Rac8 19. Bxc5 Rxc5 20. Qxd7 Qxd7 21. Bxd7 Rxc2 22. Bf5 Ra2 23. Rb3 Be7 24. Nxe5 Rxa3 25. Rxa3 Bxa3 26. Nf3 Ra8 27. Nd4 Bd6 28. Be4 Rb8 29. Nc6 Rb6 30. Rd1 Bf8 31. Rd8 g6 32. Rb8 Rxb8 33. Nxb8 a5 34. Bc6 b4 35. Ba4 Bd6 36. Nc6 Bc7 37. Kf1 Kf8 38. Ke2 {...} 1-0

[Event "HUN-chT Youth 2019"]
[Site "Budapest"]
[Date "2019.10.27"]
[Round "3.14"]
[White "Baski, Barnabas"]
[Black "Demjen, Mark"]
[Result "1/2-1/2"]
[ECO "A05"]
[WhiteElo "2037"]
[BlackElo "1902"]
[Annotator "NA"]
[PlyCount "53"]
[EventDate "2019.10.26"]
[EventType "team-tourn"]
[EventCountry "HUN"]
[SourceTitle "playchess.com"]
[Source "ChessBase"]
[SourceQuality "1"]
[TimeControl "5400+30"]

1. Nf3 Nf6 2. g3 g6 3. Bg2 Bg7 4. O-O O-O 5. d4 c5 6. c4 cxd4 7. Nxd4 Nc6 8. Nc3 Ng4 9. e3 Nxd4 10. exd4 Nh6 11. Bxh6 Bxh6 12. Qb3 Rb8 13. Qa3 a6 14. Rfe1 d6 15. c5 Bg7 16. d5 b5 17. Ne4 b4 18. Qb3 dxc5 19. Nxc5 Rb5 20. Rac1 Bd4 21. Nd3 Bb7 22. Qc4 Ba7 23. Qc7 Bxd5 24. Bxd5 Rxd5 25. Qxa7 Rxd3 26. Qxe7 Qd4 27. Qe5 1/2-1/2

[Event "HUN-chT Youth 2019"]
[Site "Budapest"]
[Date "2019.10.27"]
[Round "3.14"]
[White "Vilics, Hanna"]
[Black "Szuhorukov, Marcell"]
[Result "0-1"]
[ECO "A49"]
[WhiteElo "1253"]
[BlackElo "1384"]
[Annotator "NA"]
[PlyCount "46"]
[EventDate "2019.10.26"]
[EventType "team-tourn"]
[EventCountry "HUN"]
[SourceTitle "playchess.com"]
[Source "ChessBase"]
[SourceQuality "1"]
[TimeControl "5400+30"]

1. d4 Nf6 2. Nf3 g6 3. g3 Bg7 4. Bg2 O-O 5. O-O d6 6. c4 Nbd7 7. b3 e5 8. dxe5 dxe5 9. Bb2 Re8 10. Nbd2 a5 11. Rc1 c6 12. Qc2 e4 13. Bxf6 Nxf6 14. Ng5 Bh6 15. h4 e3 16. fxe3 Rxe3 17. Nde4 Nxe4 18. Nxe4 Bf5 19. g4 Bxe4 20. Bxe4 Qd4 21. Rcd1 Qxe4 22. Qb2 Qxg4+ 23. Kf2 Qg3# 0-1

[Event "HUN-chT Youth 2019"]
[Site "Budapest"]
[Date "2019.10.27"]
[Round "3.15"]
[White "Kocsis, Peter"]
[Black "Monduk, Ferenc"]
[Result "1/2-1/2"]
[ECO "A05"]
[WhiteElo "1929"]
[BlackElo "1987"]
[Annotator "NA"]
[PlyCount "77"]
[EventDate "2019.10.26"]
[EventType "team-tourn"]
[EventCountry "HUN"]
[SourceTitle "playchess.com"]
[Source "ChessBase"]
[SourceQuality "1"]
[TimeControl "5400+30"]

1. Nf3 Nf6 2. b3 g6 3. Bb2 Bg7 4. e3 O-O 5. d4 d5 6. Bd3 Nbd7 7. O-O c6 8. c4 Re8 9. Nbd2 c5 10. Rc1 b6 11. dxc5 Nxc5 12. Bb1 dxc4 13. Nxc4 Bb7 14. Qe2 e6 15. Rfd1 Qe7 16. Be5 Nfe4 17. Bxg7 Kxg7 18. Qb2+ Kg8 19. Bc2 b5 20. Na5 Bd5 21. b4 Nb7 22. Nxb7 Qxb7 23. Bb3 Red8 24. Bxd5 Rxd5 25. Rxd5 Qxd5 26. Qd4 a5 27. a3 axb4 28. axb4 Qxd4 29. Nxd4 Nd6 30. h3 e5 31. Nc6 Nc4 32. Na5 Nxa5 33. Ra1 Kg7 34. Rxa5 Rxa5 35. bxa5 b4 36. a6 b3 37. a7 b2 38. a8=Q b1=Q+ 39. Kh2 1/2-1/2

[Event "HUN-chT Youth 2019"]
[Site "Budapest"]
[Date "2019.10.27"]
[Round "3.15"]
[White "Meszaros, Jazmin"]
[Black "Porpaczy, Marton"]
[Result "0-1"]
[ECO "C50"]
[WhiteElo "1171"]
[BlackElo "1066"]
[Annotator "NA"]
[PlyCount "38"]
[EventDate "2019.10.26"]
[EventType "team-tourn"]
[EventCountry "HUN"]
[SourceTitle "playchess.com"]
[Source "ChessBase"]
[SourceQuality "1"]
[TimeControl "5400+30"]

1. e4 e5 2. Nf3 Nc6 3. Nc3 Bc5 4. Bc4 Nf6 5. O-O d6 6. Ng5 O-O 7. Qg4 Bxg4 8. h3 Bh5 9. d3 h6 10. Nf3 Bxf3 11. gxf3 Nd4 12. Rd1 Qd7 13. Kf1 Qxh3+ 14. Ke1 Nxc2+ 15. Kd2 Nxa1 16. Nd5 Nxd5 17. Bxd5 Qg2 18. Re1 Qxf2+ 19. Kd1 Qc2# 0-1

[Event "HUN-chT Youth 2019"]
[Site "Budapest"]
[Date "2019.10.27"]
[Round "3.16"]
[White "Lengyel, Andrea"]
[Black "Sulyok, Eszter"]
[Result "0-1"]
[ECO "D37"]
[WhiteElo "1872"]
[BlackElo "1893"]
[Annotator "NA"]
[PlyCount "140"]
[EventDate "2019.10.26"]
[EventType "team-tourn"]
[EventCountry "HUN"]
[SourceTitle "playchess.com"]
[Source "ChessBase"]
[SourceQuality "1"]
[TimeControl "5400+30"]

1. d4 d5 2. c4 e6 3. Nf3 Nf6 4. Nc3 Be7 5. Bf4 a6 6. a4 O-O 7. e3 b6 8. Bd3 dxc4 9. Bxc4 Bb7 10. O-O Nbd7 11. Re1 Nh5 12. Be5 Nhf6 13. Bg3 Rc8 14. e4 Bb4 15. Bh4 Qe8 16. e5 Nd5 17. Qb3 c5 18. Red1 Bxc3 19. bxc3 Nf4 20. Bg3 Ng6 21. Ng5 Kh8 22. d5 exd5 23. Bxd5 Bxd5 24. Qxd5 Ndxe5 25. f4 Nc6 26. Re1 Nge7 27. Qd3 f5 28. Qxa6 h6 29. Nf3 Qd8 30. Bh4 Qc7 31. Bxe7 Nxe7 32. Ne5 Kh7 33. Red1 Rfd8 34. Qc4 Rd6 35. Nf7 Rxd1+ 36. Rxd1 Ng6 37. g3 Rf8 38. Nd6 Rd8 39. Qe6 Qc6 40. Rd5 Qxa4 41. Qxf5 Qa1+ 42. Kg2 Qxc3 43. h4 Qf6 44. Qd3 Kg8 45. Ne4 Qb2+ 46. Kf3 Rf8 47. Qc3 Qxc3+ 48. Nxc3 Rb8 49. Rd6 Ne7 50. Nd5 Nxd5 51. Rxd5 c4 52. Rb5 c3 53. Ke2 c2 54. Kd2 Rc8 55. Kc1 Rc6 56. g4 Rc4 57. Rxb6 Rxf4 58. g5 h5 59. Kxc2 Rxh4 60. g6 Kf8 61. Rb5 Ke7 62. Rf5 Rg4 63. Rxh5 Rxg6 64. Rf5 Rd6 65. Kc3 Ke6 66. Rf4 g5 67. Rd4 Rxd4 68. Kxd4 Kf5 69. Ke3 Kg4 70. Kf2 Kh3 0-1

[Event "HUN-chT Youth 2019"]
[Site "Budapest"]
[Date "2019.10.27"]
[Round "3.17"]
[White "Szabo, Miklos"]
[Black "Szabo, Balazs"]
[Result "1-0"]
[ECO "C02"]
[WhiteElo "1796"]
[BlackElo "2210"]
[Annotator "NA"]
[PlyCount "61"]
[EventDate "2019.10.26"]
[EventType "team-tourn"]
[EventCountry "HUN"]
[SourceTitle "playchess.com"]
[Source "ChessBase"]
[SourceQuality "1"]
[TimeControl "5400+30"]

1. e4 e6 2. d4 d5 3. e5 c5 4. c3 Nc6 5. Nf3 Nh6 6. Bxh6 gxh6 7. a3 cxd4 8. cxd4 Bg7 9. Nc3 O-O 10. Bd3 f6 11. Qd2 fxe5 12. dxe5 Rf7 13. Qe2 d4 14. Nb5 Qa5+ 15. Kf1 Qd8 16. Nd6 Re7 17. Qe4 Bxe5 18. Nxc8 Rxc8 19. Nxe5 Nxe5 20. Qxe5 Qb6 21. Qb5 Qd6 22. g3 e5 23. Kg2 e4 24. Bc4+ Kh8 25. Qd5 Qf6 26. Rhd1 Qf3+ 27. Kg1 Rf8 28. Qxd4+ Rg7 29. Qe3 Qf5 30. Rd5 Qg6 31. Rad1 1-0

[Event "HUN-chT Youth 2019"]
[Site "Budapest"]
[Date "2019.10.27"]
[Round "3.20"]
[White "Vanczak, Tamas"]
[Black "Gombocz, Zsofia"]
[Result "1-0"]
[ECO "D00"]
[WhiteElo "2327"]
[BlackElo "1917"]
[Annotator "NA"]
[PlyCount "57"]
[EventDate "2019.10.26"]
[EventType "team-tourn"]
[EventCountry "HUN"]
[SourceTitle "playchess.com"]
[Source "ChessBase"]
[SourceQuality "1"]
[TimeControl "5400+30"]

1. d4 d5 2. Bg5 Nf6 3. Bxf6 exf6 4. e3 Bf5 5. Nf3 Nd7 6. c4 dxc4 7. Bxc4 Nb6 8. Bb3 c5 9. Nc3 Be7 10. Nh4 Qd7 11. dxc5 Bxc5 12. Qh5 g6 13. Qf3 O-O 14. Rd1 Bg4 15. Rxd7 Bxf3 16. Rxf7 Rxf7 17. Nxf3 Rc8 18. O-O Bb4 19. Bxf7+ Kxf7 20. Nb5 a6 21. Nbd4 g5 22. g4 a5 23. Rd1 a4 24. Kg2 Rc7 25. Nf5 Rc2 26. Rd8 Rxb2 27. Rb8 Bc5 28. Rxb7+ Ke8 29. Ng7+ 1-0

[Event "HUN-chT Youth 2019"]
[Site "Budapest"]
[Date "2019.10.27"]
[Round "3.21"]
[White "Barasits, Balint"]
[Black "Pribelszky, Bence"]
[Result "1/2-1/2"]
[ECO "B41"]
[WhiteElo "1988"]
[BlackElo "2191"]
[Annotator "NA"]
[PlyCount "97"]
[EventDate "2019.10.26"]
[EventType "team-tourn"]
[EventCountry "HUN"]
[SourceTitle "playchess.com"]
[Source "ChessBase"]
[SourceQuality "1"]
[TimeControl "5400+30"]

1. e4 c5 2. Nf3 e6 3. d4 cxd4 4. Nxd4 a6 5. c4 Nf6 6. Bd3 Nc6 7. Nxc6 dxc6 8. O-O e5 9. Nc3 Bg4 10. f3 Be6 11. Be3 Nd7 12. Qe2 Bc5 13. Kh1 O-O 14. Bc2 Bxc4 15. Qxc4 Bxe3 16. Qd3 Bd4 17. f4 Nc5 18. Qg3 Bxc3 19. Qxc3 Qd4 20. Qxd4 exd4 21. Rad1 Rfd8 22. Rf3 a5 23. e5 Rd5 24. Ra3 d3 25. Bb1 Rd4 26. Kg1 g6 27. g3 b6 28. Kf2 Rad8 29. Ke3 Re4+ 30. Kf3 Rb4 31. Rd2 Na4 32. Raxd3 Rxd3+ 33. Rxd3 Rxb2 34. Rd8+ Kg7 35. Be4 Rxa2 36. Bxc6 Nc5 37. h4 Ra3+ 38. Kf2 h5 39. Ra8 Nd3+ 40. Kg2 Nb4 41. Bb5 Nd5 42. Ra7 Ne3+ 43. Kf2 Ng4+ 44. Kg2 Kf8 45. Ra8+ Kg7 46. Ra7 Ra2+ 47. Kf3 Ra3+ 48. Kg2 Ra2+ 49. Kf3 1/2-1/2

[Event "HUN-chT Youth 2019"]
[Site "Budapest"]
[Date "2019.10.27"]
[Round "3.22"]
[White "Kiss, Eniko"]
[Black "Kiraly, Barnabas"]
[Result "1/2-1/2"]
[ECO "A15"]
[WhiteElo "1703"]
[BlackElo "1742"]
[Annotator "NA"]
[PlyCount "46"]
[EventDate "2019.10.26"]
[EventType "team-tourn"]
[EventCountry "HUN"]
[SourceTitle "playchess.com"]
[Source "ChessBase"]
[SourceQuality "1"]
[TimeControl "5400+30"]

1. c4 Nf6 2. g3 g6 3. Bg2 Bg7 4. Nc3 c6 5. e4 e5 6. d3 d6 7. f4 Nbd7 8. Nf3 O-O 9. O-O Qe7 10. Re1 a5 11. b3 Nc5 12. Be3 Nfd7 13. Qd2 Ne6 14. f5 Nd4 15. Ne2 Nxf3+ 16. Bxf3 Nc5 17. fxg6 hxg6 18. Nc3 Rd8 19. Rad1 Be6 20. Bg5 f6 21. Be3 Rf8 22. d4 exd4 23. Bxd4 Rad8 1/2-1/2

[Event "HUN-chT Youth 2019"]
[Site "Budapest"]
[Date "2019.10.27"]
[Round "3.23"]
[White "Petroczy, Zoltan"]
[Black "Ivan, Reka Gyongyver"]
[Result "1/2-1/2"]
[ECO "B19"]
[WhiteElo "1573"]
[BlackElo "1686"]
[Annotator "NA"]
[PlyCount "70"]
[EventDate "2019.10.26"]
[EventType "team-tourn"]
[EventCountry "HUN"]
[SourceTitle "playchess.com"]
[Source "ChessBase"]
[SourceQuality "1"]
[TimeControl "5400+30"]

1. e4 c6 2. d4 d5 3. Nd2 dxe4 4. Nxe4 Bf5 5. Ng3 Bg6 6. h4 h6 7. Nf3 Nd7 8. h5 Bh7 9. Bd3 Bxd3 10. Qxd3 e6 11. Bd2 Ngf6 12. O-O-O Be7 13. Bf4 O-O 14. Qe2 Qa5 15. Kb1 Qb6 16. Bc1 Nd5 17. Ka1 a5 18. Ne5 N7f6 19. Ne4 Nxe4 20. Nd7 Qa6 21. Qxe4 Rfd8 22. Ne5 a4 23. Qf3 Nf6 24. g4 Qa5 25. c4 a3 26. b3 Rxd4 27. Rxd4 Qxe5 28. Qe3 Ne4 29. f4 Qf6 30. Kb1 Bc5 31. Qxe4 Qxd4 32. Qxd4 Bxd4 33. Rd1 c5 34. g5 Kh7 35. Kc2 b6 1/2-1/2

[Event "HUN-chT Youth 2019"]
[Site "Budapest"]
[Date "2019.10.27"]
[Round "3.24"]
[White "Kiraly, Lilla Virag"]
[Black "Farkas, Boglarka"]
[Result "1-0"]
[ECO "B24"]
[WhiteElo "1450"]
[BlackElo "1391"]
[Annotator "NA"]
[PlyCount "115"]
[EventDate "2019.10.26"]
[EventType "team-tourn"]
[EventCountry "HUN"]
[SourceTitle "playchess.com"]
[Source "ChessBase"]
[SourceQuality "1"]
[TimeControl "5400+30"]

1. e4 c5 2. Nc3 Nc6 3. g3 Nf6 4. Bg2 d6 5. d3 e6 6. f4 Be7 7. Nf3 a6 8. O-O O-O 9. h3 b5 10. Be3 Bb7 11. Qd2 Qc7 12. Rae1 Rfd8 13. d4 cxd4 14. Nxd4 Na5 15. Qc1 Rac8 16. a3 Qc4 17. Rd1 b4 18. axb4 Qxb4 19. Na2 Qc4 20. Nc3 Nc6 21. Nxc6 Qxc6 22. Rd2 Qc4 23. Rd4 Qc7 24. Rfd1 e5 25. R4d3 Qc4 26. Bb6 Re8 27. b3 Qb4 28. Qe3 Rc6 29. Ba7 Rec8 30. Nd5 Nxd5 31. exd5 Rxc2 32. fxe5 dxe5 33. Qxe5 Bd6 34. Qd4 R8c3 35. Qxb4 Bxb4 36. Rxc3 Rxc3 37. Kh2 Bd6 38. b4 Rxg3 39. Kh1 Rg6 40. Bc5 h6 41. Re1 Rf6 42. Re8+ Kh7 43. Be4+ g6 44. Bd4 Kg7 45. Bxf6+ Kxf6 46. Bg2 Bxb4 47. Rb8 Bxd5 48. Bxd5 a5 49. Rb7 g5 50. Bxf7 Kg7 51. Bh5+ Kg8 52. Kg2 Bd2 53. Kf3 Bb4 54. Ke4 Bf8 55. Kf5 a4 56. Bf7+ Kh8 57. Kg6 a3 58. Rb8 1-0

[Event "HUN-chT Youth 2019"]
[Site "Budapest"]
[Date "2019.10.27"]
[Round "3.25"]
[White "Geher, Koppany"]
[Black "Acs, Marton"]
[Result "1-0"]
[ECO "C51"]
[WhiteElo "2256"]
[BlackElo "2126"]
[Annotator "NA"]
[PlyCount "81"]
[EventDate "2019.10.26"]
[EventType "team-tourn"]
[EventCountry "HUN"]
[SourceTitle "playchess.com"]
[Source "ChessBase"]
[SourceQuality "1"]
[TimeControl "5400+30"]

1. e4 e5 2. Nf3 Nc6 3. Bc4 Bc5 4. b4 Bb6 5. a4 a6 6. Nc3 Nf6 7. Nd5 Nxd5 8. exd5 Nd4 9. a5 Ba7 10. d6 cxd6 11. Nxd4 Bxd4 12. Qf3 O-O 13. c3 Ba7 14. O-O d5 15. Bxd5 Qc7 16. d4 d6 17. Re1 Rb8 18. Qg3 Bf5 19. dxe5 dxe5 20. Rxe5 Rbe8 21. Bf4 Qd7 22. Rae1 Rxe5 23. Bxe5 Bg6 24. c4 Kh8 25. Qc3 f6 26. Bd4 Bxd4 27. Qxd4 Bf7 28. h3 Bxd5 29. Qxd5 Qxd5 30. cxd5 Rd8 31. Re7 h5 32. Rxb7 Rxd5 33. Kf1 Rd1+ 34. Ke2 Rb1 35. Kd3 Rb2 36. b5 axb5 37. a6 Ra2 38. a7 Kh7 39. Kd4 b4 40. Kc4 Kg6 41. Kxb4 1-0

[Event "HUN-chT Youth 2019"]
[Site "Budapest"]
[Date "2019.10.27"]
[Round "3.26"]
[White "Juhasz, Judit"]
[Black "Ongut, Tamas Gunes"]
[Result "1-0"]
[ECO "B90"]
[WhiteElo "2004"]
[BlackElo "2214"]
[Annotator "NA"]
[PlyCount "109"]
[EventDate "2019.10.26"]
[EventType "team-tourn"]
[EventCountry "HUN"]
[SourceTitle "playchess.com"]
[Source "ChessBase"]
[SourceQuality "1"]
[TimeControl "5400+30"]

1. e4 c5 2. Nf3 d6 3. d4 cxd4 4. Nxd4 Nf6 5. Nc3 a6 6. Be3 e5 7. Nb3 Be6 8. f3 h5 9. Qd2 Nbd7 10. O-O-O b5 11. Nd5 Bxd5 12. exd5 Nb6 13. Bg5 Be7 14. Bxf6 Bxf6 15. Kb1 Bg5 16. Qb4 Rc8 17. Na5 O-O 18. h4 Qc7 19. c3 Bf4 20. g4 Qc5 21. Qe4 Na4 22. Nc6 Qf2 23. Be2 Rc7 24. gxh5 Nc5 25. Qc2 f5 26. Rdf1 Qe3 27. Rhg1 e4 28. Rg6 Re8 29. Nd4 Re5 30. Rxd6 exf3 31. Rd8+ Kf7 32. Bxf3 Ne4 33. Bxe4 Rxe4 34. a3 Qh3 35. Rd1 Rc4 36. Rd7+ Ke8 37. Ra7 Be5 38. Ne2 Qe3 39. Ra8+ Kd7 40. Rd2 f4 41. Nc1 f3 42. Rd3 Qf4 43. Qf2 Bd4 44. Qxf3 Qxf3 45. Rxf3 Re1 46. cxd4 Rexc1+ 47. Ka2 Rxd4 48. Rf7+ Kd6 49. Rxa6+ Kxd5 50. Rxg7 b4 51. Rd7+ Ke5 52. Rxd4 Kxd4 53. Ra4 Rc4 54. Rxb4 Rxb4 55. axb4 1-0

[Event "HUN-chT Youth 2019"]
[Site "Budapest"]
[Date "2019.10.27"]
[Round "3.27"]
[White "Juhasz, Agoston"]
[Black "Bakos, Balazs"]
[Result "1-0"]
[ECO "B40"]
[WhiteElo "2115"]
[BlackElo "2408"]
[Annotator "NA"]
[PlyCount "79"]
[EventDate "2019.10.26"]
[EventType "team-tourn"]
[EventCountry "HUN"]
[SourceTitle "playchess.com"]
[Source "ChessBase"]
[SourceQuality "1"]
[TimeControl "5400+30"]

1. e4 c5 2. Nf3 e6 3. c4 Nc6 4. Nc3 Nf6 5. Be2 Be7 6. O-O Qc7 7. d4 cxd4 8. Nxd4 a6 9. Be3 d6 10. Rc1 Nxd4 11. Qxd4 Bd7 12. f4 Bc6 13. Bf3 O-O 14. g4 Nd7 15. Qd2 a5 16. g5 Rfe8 17. h4 b6 18. h5 Nc5 19. Qg2 Qb7 20. Kh2 Bf8 21. Rce1 Rad8 22. Bg1 Nd3 23. Rd1 Nxf4 24. Qf2 Rb8 25. Bg4 e5 26. Nd5 Bxd5 27. cxd5 Be7 28. g6 fxg6 29. hxg6 Nxg6 30. Be6+ Kh8 31. Qg3 Rf8 32. Be3 Rxf1 33. Rxf1 Rf8 34. Rg1 Bh4 35. Qh3 Qe7 36. Rg4 Bf2 37. Bg5 Qc7 38. Bf5 Qf7 39. Rg2 Bd4 40. Bd2 1-0

[Event "HUN-chT Youth 2019"]
[Site "Budapest"]
[Date "2019.10.27"]
[Round "3.28"]
[White "Erseki, Aron"]
[Black "Virag, Balint"]
[Result "0-1"]
[ECO "C02"]
[WhiteElo "1847"]
[BlackElo "2100"]
[Annotator "NA"]
[PlyCount "66"]
[EventDate "2019.10.26"]
[EventType "team-tourn"]
[EventCountry "HUN"]
[SourceTitle "playchess.com"]
[Source "ChessBase"]
[SourceQuality "1"]
[TimeControl "5400+30"]

1. e4 e6 2. d4 d5 3. e5 c5 4. c3 Nc6 5. Nf3 Bd7 6. Be2 Nge7 7. O-O Nf5 8. Bd3 g6 9. Be3 Qb6 10. Qc2 Rc8 11. Bxf5 gxf5 12. Qd2 cxd4 13. Bxd4 Qc7 14. Qg5 h6 15. Qh4 Ne7 16. Nbd2 Rg8 17. Rac1 Rg4 18. Qh5 Ng6 19. Be3 Nxe5 20. Bxh6 Nd3 21. h3 Rg8 22. Ng5 Rg6 23. Bxf8 Kxf8 24. Rb1 Ke7 25. Ndf3 Rcg8 26. h4 Nf4 27. Qh7 R6g7 28. Qh6 Qb8 29. Rfe1 Rg6 30. Qh7 R8g7 31. Ne5 Rxh7 32. Nxg6+ fxg6 33. Nxh7 Qh8 0-1

[Event "HUN-chT Youth 2019"]
[Site "Budapest"]
[Date "2019.10.27"]
[Round "3.29"]
[White "Koltai, Dora"]
[Black "Bencze, Balazs Dominik"]
[Result "1-0"]
[ECO "B03"]
[WhiteElo "1845"]
[BlackElo "1779"]
[Annotator "NA"]
[PlyCount "63"]
[EventDate "2019.10.26"]
[EventType "team-tourn"]
[EventCountry "HUN"]
[SourceTitle "playchess.com"]
[Source "ChessBase"]
[SourceQuality "1"]
[TimeControl "5400+30"]

1. e4 Nf6 2. e5 Nd5 3. c4 Nb6 4. d4 d6 5. exd6 exd6 6. h3 Be7 7. Nf3 Bf5 8. Bd3 Bxd3 9. Qxd3 O-O 10. O-O Nc6 11. Nc3 Nb4 12. Qe2 Re8 13. Be3 d5 14. a3 Nc6 15. c5 Nc4 16. Nd1 Nxe3 17. Nxe3 Bf6 18. Qd3 Re4 19. Nc2 Qd7 20. Rad1 Rae8 21. b4 Ne7 22. Nd2 Rh4 23. Rfe1 g5 24. Nf3 Rh6 25. Ne3 Rh5 26. Ng4 Bg7 27. Nge5 Qf5 28. Qb5 c6 29. Qxb7 Bxe5 30. Rxe5 Qf6 31. Rde1 Kf8 32. Qd7 1-0

[Event "HUN-chT Youth 2019"]
[Site "Budapest"]
[Date "2019.10.27"]
[Round "3.30"]
[White "Bodo, Boglarka"]
[Black "Matyassy, Lazar"]
[Result "1/2-1/2"]
[ECO "B40"]
[WhiteElo "1618"]
[BlackElo "1652"]
[Annotator "NA"]
[PlyCount "38"]
[EventDate "2019.10.26"]
[EventType "team-tourn"]
[EventCountry "HUN"]
[SourceTitle "playchess.com"]
[Source "ChessBase"]
[SourceQuality "1"]
[TimeControl "5400+30"]

1. e4 c5 2. Nf3 e6 3. c3 d5 4. exd5 Qxd5 5. d4 Nf6 6. Na3 Nc6 7. Be3 cxd4 8. Nb5 Qd7 9. Nbxd4 Be7 10. Bc4 O-O 11. O-O Nd5 12. Nf5 Nxe3 13. Nxe3 Qc7 14. Bd3 h6 15. Qe2 b6 16. Nc2 Bf6 17. Qe4 g6 18. Qe3 Kg7 19. Ncd4 Nxd4 1/2-1/2